AoeStats
← Alex jr

African Clearing

510430797Analyzed
4v4 RM · 23h ago on Oct 1, 2026· 46m 52s· 8 players
Game mode
Random Map
Map size
Large (8 player)
Population
200
Speed
Normal
Resources
Standard
Victory
Conquest
Starting age
Dark Age
Ending age
Imperial Age
RankedLock teamsTeams togetherTeam positionsShared explorationLock speedFull tech treeHidden civsTurbo modeCheats
Victory
Defeat
🇨🇦 Varangians · Canada
1486
+12
🇹🇷 Maya · Türkiye
1331
+19
🇧🇷 Persians · Brazil
1331
+19
🇨🇴 Huns · Colombia
1320
+19
🇭🇰 Saracens · Hong Kong SAR China
1480
-21
🇻🇳 Bengalis · Vietnam
1393
-17
🇨🇳 Bulgarians · China
1374
-16
🇨🇳 Jurchens · China
1330
-15
仙逆许木
3:38 Loom
13:46 Feudal Age
17:42 Castle Age
16:12 Fletching
36:42 Wheelbarrow
35:57 Town Watch
41:11 Bodkin Arrow
44:18 Imperial Age
thanh7531
2:57 Loom
13:05 Feudal Age
15:50 Wheelbarrow
15:09 Double-Bit Axe
16:15 Forging
21:21 Castle Age
23:34 Husbandry
23:24 Town Watch
23:58 Hand Cart
24:35 Gold Mining
27:53 Scale Barding Armor
40:11 Imperial Age
39:08 Bloodlines
40:30 Iron Casting
41:14 Elite Battle Elephant
燕帖木儿
6:19 Loom
13:29 Feudal Age
14:33 Double-Bit Axe
17:36 Castle Age
16:09 Horse Collar
17:25 Scale Barding Armor
17:30 Forging
19:08 Bloodlines
18:59 Husbandry
22:54 Iron Casting
27:32 Chain Barding Armor
28:33 Husbandry
30:39 Gold Mining
31:05 Bow Saw
37:26 Wheelbarrow
42:32 Imperial Age
42:33 Elite Steppe Lancer
44:19 Plate Barding Armor
大庆Song
5:21 Loom
13:52 Feudal Age
18:02 Castle Age
17:11 Stone Mining
18:20 Double-Bit Axe
26:21 Forging
26:19 Town Watch
29:50 Horse Collar
33:01 Scale Barding Armor
33:57 Fletching
36:29 Wheelbarrow
37:44 Heavy Plow
41:32 Imperial Age
39:43 Bow Saw
39:52 Gold Mining
42:02 Chain Barding Armor
43:30 Plate Barding Armor
43:28 Conscription
45:01 Gold Shaft Mining
45:27 Iron Casting
47:03 Blast Furnace
ノルフ
5:51 Loom
11:42 Feudal Age
12:56 Double-Bit Axe
21:27 Castle Age
21:27 Bloodlines
31:47 Horse Collar
32:17 Bow Saw
33:04 Heavy Plow
35:00 Scale Mail Armor
35:07 Scale Barding Armor
35:47 Wheelbarrow
39:42 Fletching
40:55 Bodkin Arrow
43:56 Ballistics
47:28 Imperial Age
45:56 Padded Archer Armor
-Syrus Neu-
7:11 Loom
13:36 Feudal Age
15:13 Double-Bit Axe
15:08 Horse Collar
17:48 Castle Age
18:40 Bow Saw
20:10 Husbandry
20:21 Bloodlines
29:05 Wheelbarrow
28:55 Heavy Plow
34:31 Fletching
35:08 Gold Mining
39:00 Imperial Age
37:08 Gold Shaft Mining
36:23 Stone Mining
37:07 Bodkin Arrow
37:50 Hand Cart
38:08 Ballistics
38:22 Marauders
38:50 Scale Barding Armor
40:05 Conscription
39:09 Elite Tarkan
40:14 Chain Barding Armor
41:42 Plate Barding Armor
41:18 Forging
43:52 Iron Casting
46:02 Blast Furnace
Siny
3:02 Loom
12:52 Feudal Age
17:46 Castle Age
15:34 Double-Bit Axe
15:30 Horse Collar
18:33 Fletching
18:43 Padded Archer Armor
18:57 Crossbowman
19:35 Bodkin Arrow
21:20 Wheelbarrow
20:32 Town Watch
21:12 Gold Mining
28:07 Leather Archer Armor
31:14 Bow Saw
32:23 Ballistics
32:34 Thumb Ring
36:30 Hand Cart
36:16 Town Patrol
38:57 Imperial Age
37:29 Heavy Plow
38:06 Town Patrol
38:21 Hand Cart
39:12 Arbalester
39:55 Bracer
42:42 Conscription
42:47 Conscription
42:52 Conscription
45:08 Chemistry
44:56 Ring Archer Armor
Alex jr
7:11 Loom
13:04 Feudal Age
14:48 Town Watch
14:52 Double-Bit Axe
17:06 Fletching
25:33 Castle Age
26:42 Bow Saw
Connection lost

Rejoining the realm…

Still unreachable

The connection could not be restored.

Session expired

The server has moved on; the page needs a fresh start.